 Dungeon Crawl Stone Soup version 0.29-a0-563-g64e4043184 (webtiles) character file.

Game seed: 6193721781105403830

322 spaghetti the Grave Robber (level 6, -59/41 HPs)
             Began as a Mummy Necromancer on June 12, 2022.
             Killed by an exploding Robin (63 damage)
             ... ignited by their inner flame
             ... on level 4 of the Dungeon.
             The game lasted 00:03:38 (3419 turns).

spaghetti the Grave Robber (Mummy Necromancer)      Turns: 3419, Time: 00:03:38

Health: -59/41     AC:  2    Str: 12    XL:     6   Next: 22%
Magic:  0/10       EV: 12    Int: 16    God:
Gold:   284        SH:  0    Dex: 12    Spells: 5/10 levels left

rFire   x . .      SeeInvis .   g - +2 dagger (speed) {short}
rCold   + . .      Faith    .   (no shield)
rNeg    + + +      Spirit   .   a - +0 robe
rPois   ∞          Reflect  .   (no helmet)
rElec   .          Harm     .   (no cloak)
rCorr   .          Rampage  .   (no gloves)
Will    .....                   (no boots)
Stlth   ++........              j - amulet of the acrobat
HPRegen 0.13/turn               (no ring)
MPRegen 0.12/turn               (no ring)

@: no status effects
A: cold resistance 1, negative energy resistance 3, torment resistance 2, heat
vulnerability 1, in touch with death 1, no potions
a: no special abilities


You were on level 4 of the Dungeon.
You visited 1 branch of the dungeon, and saw 3 of its levels.

You collected 284 gold pieces.


Innate Abilities, Weirdness & Mutations

You are immune to poison.
Your flesh is cold resistant. (rC+)
You are immune to negative energy. (rN+++)
You are immune to unholy pain and torment.
You are vulnerable to heat. (rF-)
You are in touch with the powers of death.
You do not drink.


   Skills:
 - Level 1.5 Dodging
 - Level 1.5 Stealth
 - Level 2.6 Spellcasting
 + Level 7.6 Necromancy


You had 5 spell levels left.
You knew the following spells:

 Your Spells              Type           Power      Damage    Failure   Level
a - Necrotize             Necr           100%       1d9       1%          1
b - Animate Dead          Necr           39%        N/A       9%          4

Your spell library contained the following spells:

 Spells                   Type           Power      Damage    Failure   Level
 Vampiric Draining        Necr           39%        2d8       2%          3
 Slow                     Hex            8%         N/A       19%         1
 Agony                    Necr           39%        N/A       24%         5
 Static Discharge         Conj/Air       2%         N/A       28%         2
 Confusing Touch          Hex            2%         N/A       50%         3
 Petrify                  Tmut/Erth      2%         N/A       88%         4
 Lightning Bolt           Conj/Air       1%         1d12      99%         5
 Metabolic Englaciation   Hex/Ice        1%         N/A       99%         5
 Maxwell's Capacitive Co  Air            1%         ∞         100%        8
 Statue Form              Tmut/Erth      Unusable   N/A       N/A         6

Inventory:

Hand Weapons
 c - a +0 club {mace}
   (You found it on level 1 of the Dungeon)
 e - a +0 club {mace}
   (You took it off a goblin on level 1 of the Dungeon)
 g - a +2 dagger of speed (weapon) {short}
   (You took it off a goblin on level 1 of the Dungeon)
Missiles
 f - 109 stones {throwing}
Armour
 a - a +0 robe (worn)
Jewellery
 j - an amulet of the acrobat (around neck)
   (You found it on level 1 of the Dungeon)
Scrolls
 b - 4 scrolls of identify {unknown}
 d - a scroll of immolation {!r!r}
 h - 3 scrolls of teleportation {unknown}
 i - a scroll of noise {unknown}
 k - a scroll of vulnerability {unknown}
 l - a scroll of fog {unknown}
 m - a scroll of silence {unknown}
 n - a scroll of poison {unknown}

Dungeon Overview and Level Annotations

Branches:
Dungeon (4/15)
 Temple: D:4-7

Altars:

#. #.....# ..
##+##.....# .
#...#.....#
#...#.....#
#...#.....#
##'##.....##+
#............
#............
#.§@#########
#.§§#).Z....
#§§§§)Z.....
#§§)§g......
############


You could see a hobgoblin (strong).


Message History

You lost 1 mp, and now have 3/10 mp.
Casting: Necrotize (safe; 1% risk of failure)
Confirm with . or Enter, or press ? or * to list all spells.
Aiming: Necrotize (safe; 1% risk of failure)
Press: ? - help, Shift-Dir - straight line, f - goblin
Aim: a goblin, wielding a +0 club (ally target, chance to affect: 93%)
You feel a surge of power!
The goblin barely resists.
Robin roars a battlecry!
The goblins go into a battle-frenzy!
The goblin misses you. The goblin hits you with a +0 club.
* * * LOW HITPOINT WARNING * * *
The goblin barely misses you.
Your goblin skeleton barely misses the goblin.
The goblin hits you with a +0 club.
* * * LOW HITPOINT WARNING * * *
The jackal bites you.
* * * LOW HITPOINT WARNING * * *
Your goblin skeleton hits the goblin. 😨 HP[-9]
You take 9 damage, and now have 12/41 hp.
MASSIVE DAMAGE!! (PAUSE)
Casting: Necrotize (safe; 1% risk of failure)
Confirm with . or Enter, or press ? or * to list all spells.
Aiming: Necrotize (safe; 1% risk of failure)
Press: ? - help, Shift-Dir - straight line, f/p - goblin
Aim: a goblin, wielding a +0 club (strong, ally target, chance to affect: 93%)
You feel a surge of power!
The goblin writhes in agony.
Your hobgoblin skeleton hits Robin.
The jackal stops to sniff the ground.
The jackal bites you but does no damage.
The goblin hits you but does no damage. The goblin closely misses you. x3
Your goblin skeleton hits the goblin. 😨 MP[-1]
You lost 1 mp, and now have 2/10 mp.
Casting: Necrotize (safe; 1% risk of failure)
Confirm with . or Enter, or press ? or * to list all spells.
Aiming: Necrotize (safe; 1% risk of failure)
Press: ? - help, Shift-Dir - straight line, f/p - goblin
Aim: a goblin, wielding a +0 club (moderately wounded, strong, ally target, chance to affect: 93%)
You feel a surge of power!
The goblin writhes in agony.
You kill the goblin!
The dead are walking!
The jackal bites you but does no damage.
Your goblin skeleton closely misses the goblin.
Your hobgoblin skeleton hits Robin but does no damage.
The goblin misses you. The goblin hits you with a +0 dagger.
* * * LOW HITPOINT WARNING * * *
The goblin closely misses you.
The hobgoblin hits your goblin skeleton.
Robin barely misses your hobgoblin skeleton.
Your goblin skeleton hits the goblin.
The jackal barely misses you. 😱 HP[-5] MP[-1]
You take 5 damage, and now have 7/41 hp.
You lost 1 mp, and now have 1/10 mp.
Casting: Necrotize (safe; 1% risk of failure)
Confirm with . or Enter, or press ? or * to list all spells.
Aiming: Necrotize (safe; 1% risk of failure)
Press: ? - help, Shift-Dir - straight line, f - jackal
Aim: a jackal (ally target, chance to affect: 93%)
You feel a surge of power!
The jackal writhes in agony!
You kill the jackal!
The dead are walking!
The goblin closely misses you. The goblin hits you with a +0 dagger.
* * * LOW HITPOINT WARNING * * *
Your goblin skeleton hits the goblin.
The goblin hits your goblin skeleton with a +0 club.
The hobgoblin barely misses your goblin skeleton.
Your hobgoblin skeleton hits the hobgoblin. 😱 MP[-1]
You lost 1 mp, and now have 0/10 mp.
The goblin attacks as you move away! The goblin hits you with a +0 dagger.
* * * LOW HITPOINT WARNING * * *
Robin attacks as you move away! Robin hits you with a +0 whip.
* * * LOW HITPOINT WARNING * * *
Your goblin skeleton barely misses the goblin.
The goblin hits your goblin skeleton with a +0 dagger.
The goblin hits your goblin skeleton with a +0 club.
Your goblin skeleton is destroyed!
The goblin hits your goblin skeleton with a +0 club.
Your goblin skeleton barely misses the goblin. 😱 HP[-3]
You take 3 damage, and now have 4/41 hp.
Unknown command.
The goblin hits your goblin skeleton with a +0 dagger.
Your goblin skeleton is destroyed!
The goblin hits your goblin skeleton with a +0 club.
Your goblin skeleton completely misses the goblin.
You can't drink.
As you read the scroll labelled TAUKAQUAGANK, it crumbles to dust.
The creatures around you are filled with an inner flame!
It was a scroll of immolation.
Robin closely misses you.
The goblin hits your goblin skeleton with a +0 club!
The fiery explosion engulfs the goblin!!!
The fiery explosion engulfs the hobgoblin!!
The hobgoblin explodes!
The fiery explosion engulfs the goblin!!!
The fiery explosion engulfs Robin!!!
The fiery explosion engulfs you!!! The fire burns you terribly!
Ouch! That really hurt!
You die...

Skill      XL: |  1  2  3  4  5 |
---------------+----------------+-----
Necromancy     | 5 6 7 |  7.6
Dodging        | |  1.5
Stealth        | |  1.5
Spellcasting   | |  2.6

Action                   |  1- 3 |  4- 6 || total
-------------------------+-------+-------++-------
Melee: Unarmed           |     7 |       ||     7
       Dagger            |    40 |    21 ||    61
       Punch             |       |     1 ||     1
 Cast: Necrotize         |    52 |    51 ||   103
  Use: Scroll            |       |     1 ||     1
 Stab: Sleeping          |     4 |       ||     4
Armor: Robe              |    11 |    10 ||    21
Dodge: Dodged            |    48 |    40 ||    88

Levels and vault maps discovered:
D:1:      tarquinn_simple_flora_water_e, layout_basic
D:2:      layout_loops_ring, grunt_ministairs_11
D:4:      kennysheep_goblin_castle, layout_rooms, minmay_pentangle

Notes
Turn   | Place    | Note
-------+----------+-------------------------------------------
     0 | D:1      | spaghetti the Mummy Necromancer began the quest for the
                  | Orb.
     0 | D:1      | Reached XP level 1. HP: 13/13 MP: 4/4
     0 | D:1      | magus.rc [v1.9.6]
   238 | D:1      | You pick up a book of Sloth and begin reading...
   238 | D:1      | You add the spells Petrify and Metabolic Englaciation to
                  | your library.
   328 | D:1      | You pick up a book of Lightning and begin reading...
   328 | D:1      | You add the spells Static Discharge, Lightning Bolt and
                  | Maxwell's Capacitive Coupling to your library.
   724 | D:1      | Reached XP level 2. HP: 17/19 MP: 1/5
  1727 | D:2      | Reached skill level 5 in Necromancy
  1742 | D:2      | Gained mutation: You are in touch with the powers of death.
                  | [Mummy growth]
  1742 | D:2      | Reached XP level 3. HP: 24/24 MP: 4/7
  2149 | D:2      | You fall into a shaft and drop 2 floors!
  2305 | D:4      | You pick up a book of Debilitation and begin reading...
  2305 | D:4      | You add the spells Slow and Confusing Touch to your
                  | library.
  2332 | D:4      | Reached XP level 4. HP: 20/30 MP: 3/8
  2435 | D:4      | Reached skill level 6 in Necromancy
  2613 | D:4      | Reached XP level 5. HP: 33/35 MP: 6/9
  2680 | D:4      | Reached skill level 7 in Necromancy
  2896 | D:4      | Reached XP level 6. HP: 34/41 MP: 5/10
  2901 | D:4      | Learned a level 4 spell: Animate Dead
  3120 | D:4      | HP: 10/41 [goblin/+0 club (2)]
  3405 | D:4      | Noticed Robin
  3415 | D:4      | HP: 7/41 [goblin/+0 dagger[Robin] (5)]
  3419 | D:4      | Killed Robin
  3419 | D:4      | Killed by an exploding Robin... ignited by their inner
                  | flame

Vanquished Creatures
  2 scorpions (D:4)
  2 hounds (D:4)
  A gnoll shaman (D:4)
  Robin (D:4)
  5 adders
  2 worms (D:4)
  A dart slug (D:2)
  2 orcs (D:4)
  5 ball pythons
  6 bats
  4 endoplasms
  2 giant cockroaches
  5 hobgoblins
  4 jackals
  4 quokkas
  A frilled lizard (D:1)
  14 goblins
  A kobold (D:4)
  3 rats
65 creatures vanquished.

Vanquished Creatures (collateral kills)
  An endoplasm (D:1)
  A hobgoblin (D:2)
  A rat (D:2)
3 creatures vanquished.

Grand Total: 68 creatures vanquished

Table legend:
 A = Non-vault XP
 B = Vault XP
 C = Vault XP percentage of total XP
 D = Non-vault monster count
 E = Vault monster count
 F = Vault count percentage of total count
                 A         B        C        D         E       F
            +---------+---------+-------+---------+---------+-------
      Total |     284 |     199 |  41.2 |      45 |      23 |  33.8
            +---------+---------+-------+---------+---------+-------
        D:1 |      24 |       0 |   0.0 |      14 |       0 |   0.0
        D:2 |      43 |       4 |   8.5 |      19 |       2 |   9.5
        D:4 |     217 |     195 |  47.3 |      12 |      21 |  63.6
            +---------+---------+-------+---------+---------+-------

Illustrated notes

Table legend:
 A = Kills in this place as a percentage of kills in entire the game.
 B = Kills by you in this place as a percentage of kills by you in the entire game.
 C = Kills by friends in this place as a percentage of kills by friends in the entire game.
 D = Other kills in this place as a percentage of other kills in the entire game.
 E = Experience gained in this place as a percentage of experience gained in the entire game.
 F = Experience gained in this place divided by the number of levels of this place that you have seen.
                   A       B       C       D       E      F
               +-------+-------+-------+-------+-------+----------------------
         Total | 100.0 | 100.0 | 100.0 |   N/A | 100.0 | 161.0
       Dungeon | 100.0 | 100.0 | 100.0 |   N/A | 100.0 | 161.0
               +-------+-------+-------+-------+-------+----------------------

Table legend: (Time is in decaauts)
 A = Elapsed time spent in this place.
 B = Non-inter-level travel time spent in this place.
 C = Inter-level travel time spent in this place.
 D = Time resting spent in this place.
 E = Time spent auto-exploring this place.
 F = Levels seen in this place.
 G = Mean time per level.
                   A        B        C        D        E       F      G
               +--------+--------+--------+--------+--------+-----+--------+
         Total |   3398 |   3362 |     36 |      0 |   3016 |   3 | 1132.7 |
       Dungeon |   3398 |   3362 |     36 |      0 |   3016 |   3 | 1132.7 |
               +--------+--------+--------+--------+--------+-----+--------+

Top non-repeatable levels by time:
     D:1: 1381 daAuts
     D:4: 1260 daAuts
     D:2: 757 daAuts
